 Dungeon Crawl Stone Soup version 0.23-a0-607-g760965b (webtiles) character file.

98 MisterFreud the Insei (level 5, -1/35 HPs)
             Began as a Human Wanderer on Dec 20, 2018.
             Succumbed to a scorpion's poison
             ... on level 3 of the Dungeon.
             The game lasted 00:10:43 (2492 turns).

MisterFreud the Insei (Human Wanderer)              Turns: 2492, Time: 00:10:44

Health: -1/35      AC:  4    Str: 11    XL:     5   Next: 1%
Magic:  8/8        EV:  9    Int: 13    God:
Gold:   121        SH:  8    Dex: 14    Spells: 7/8 levels left

rFire    + . .     SeeInvis .     - Unarmed
rCold    . . .     Gourm    +   a - +0 shield
rNeg     . . .     Faith    .   i - +2 robe {rF+}
rPois    .         Spirit   .   (no helmet)
rElec    .         Reflect  .   (no cloak)
rCorr    .         Harm     .   (no gloves)
MR       .....                  (no boots)
Stlth    ++........             o - amulet of the gourmand
HPRegen  0.11/turn              (no ring)
MPRegen  0.11/turn              (no ring)

@: lethally poisoned (-1 -> -11), very slightly contaminated
A: no striking features
a: no special abilities


You were on level 3 of the Dungeon.
You were not hungry.

You visited 1 branch of the dungeon, and saw 3 of its levels.

You collected 121 gold pieces.

Inventory:

Hand Weapons
 b - a +0 hunting sling
Missiles
 e - 15 poisoned needles
 h - 89 stones (quivered)
 j - 13 sling bullets
Armour
 a - a +0 shield (worn)
 d - a +0 robe
 i - a +2 robe of fire resistance (worn)
Jewellery
 o - an amulet of the gourmand (around neck)
Scrolls
 c - a scroll of remove curse
 g - 2 scrolls of fog
 n - a scroll of teleportation {unknown}
Potions
 k - a potion of mutation
Comestibles
 f - 4 rations


   Skills:
 - Level 1.0 Dodging
 - Level 1.0 Stealth
 - Level 2.0 Shields
 + Level 5.3 Unarmed Combat
 - Level 2.0 Spellcasting
 - Level 1.0 Transmutations


You had 7 spell levels left.
You knew the following spells:

 Your Spells              Type           Power        Failure   Level  Hunger
a - Beastly Appendage     Tmut           #.....       65%         1    ##.....

Your spell library contained the following spells:

 Spells                   Type           Power        Failure   Level  Hunger
 Sting                    Conj/Pois      #...         80%         1    ##.....
 Spider Form              Tmut/Pois      #.........   97%         3    ####...


Dungeon Overview and Level Annotations

Branches:
Dungeon (3/15)

Altars:


Message History

* * * LOW HITPOINT WARNING * * *
You feel sick.
* * * LOW HITPOINT WARNING * * *
You feel sick.
Blink to where?
Press: ? - help, Dir - move target cursor You are very lightly contaminated with residual magic.
As you read the scroll labeled WAS TEANKU, it crumbles to dust.
It was a scroll of blinking.
* * * LOW HITPOINT WARNING * * *
You feel sick.
* * * LOW HITPOINT WARNING * * *
You feel sick.
* * * LOW HITPOINT WARNING * * *
You feel sick.
There is a stone staircase leading down here.
* * * LOW HITPOINT WARNING * * *
You feel sick.
You climb downwards.
You die...

#..# .
.... .
#..# .#
##..##.
.....
...
##.#
#.@#
#.## #.
#. ..
#. ..
##


There were no monsters in sight!

Vanquished Creatures
  Jessica (D:2)
  4 adders (D:2)
  2 worms (D:2)
  An orc (D:2)
  A giant cockroach (D:2)
  3 goblins (D:2)
  3 hobgoblins
  6 jackals
  A quokka (D:2)
  A ball python (D:2)
  2 bats
  2 frilled lizards
  3 kobolds
  A rat (D:2)
31 creatures vanquished.

Notes
Turn   | Place    | Note
-------+----------+-------------------------------------------
     0 | D:1      | MisterFreud the Human Wanderer began the quest for the Orb.
     0 | D:1      | MisterFreud set off with the following items: a +0 shield,
                  | a +0 robe, a +0 dagger, a ration; and the following spells
                  | available to memorise: Beastly Appendage, Sting, Spider
                  | Form
     0 | D:1      | Reached XP level 1. HP: 13/13 MP: 3/3
  1054 | D:2      | Reached XP level 2. HP: 19/19 MP: 5/5
  1554 | D:2      | Reached skill level 4 in Unarmed Combat
  1554 | D:2      | Reached XP level 3. HP: 24/24 MP: 6/6
  1593 | D:2      | Learned a level 1 spell: Beastly Appendage
  2020 | D:2      | Reached XP level 4. HP: 24/30 MP: 7/7
  2064 | D:2      | Noticed Jessica
  2079 | D:2      | Killed Jessica
  2079 | D:2      | Reached skill level 5 in Unarmed Combat
  2356 | D:2      | Reached XP level 5. HP: 35/35 MP: 8/8
  2491 | D:2      | HP: 1/35 [poisoned by a scorpion]
  2492 | D:3      | Succumbed to a scorpion's poison

Vault maps used:
D:1:      ncdulo_smallfort, serial_forest, infiniplex_forest_clump_double,
          infiniplex_forest_lined_room_3, infiniplex_forest_zigzag_2,
          infiniplex_forest_3_way, infiniplex_forest_lined_corner,
          infiniplex_forest_lined_3, infiniplex_forest_lined_3_way
D:2:      uniq_jessica
D:3:      old_standard_altar, gammafunk_ghost_smash, first_ration

Skill      XL: |  1  2  3  4 |
---------------+-------------+-----
Unarmed Combat | 4 5 |  5.3
Dodging        | |  1.0
Stealth        | |  1.0
Shields        | |  2.0
Spellcasting   | |  2.0
Transmutations | |  1.0

Action                   |  1- 3 |  4- 6 || total
-------------------------+-------+-------++-------
Melee: Unarmed           |    87 |    29 ||   116
 Fire: Hunting sling     |    46 |    16 ||    62
Throw: Stone             |     1 |       ||     1
  Use: Scroll            |     4 |     2 ||     6
       Potion            |     1 |     1 ||     2
 Stab: Sleeping          |     2 |       ||     2
  Eat: Chunk             |    12 |       ||    12
Armor: Robe              |    16 |     5 ||    21
Dodge: Dodged            |    32 |     8 ||    40
Block: Shield            |    30 |    10 ||    40

Table legend:
 A = Non-vault XP
 B = Vault XP
 C = Vault XP percentage of total XP
 D = Non-vault monster count
 E = Vault monster count
 F = Vault count percentage of total count
                 A         B        C        D         E       F
            +---------+---------+-------+---------+---------+-------
      Total |     104 |      37 |  26.2 |      30 |       1 |   3.2
            +---------+---------+-------+---------+---------+-------
        D:1 |      13 |       0 |   0.0 |       8 |       0 |   0.0
        D:2 |      91 |      37 |  28.9 |      22 |       1 |   4.3
            +---------+---------+-------+---------+---------+-------
